 Dungeon Crawl Stone Soup version 0.21-a0-442-g848f44b (webtiles) character file.

209 Gorice the Skirmisher (level 5, -1/41 HPs)
             Began as a Demonspawn Wanderer on Nov 12, 2017.
             Killed from afar by an orc wizard (4 damage)
             ... with a magic dart
             ... on level 3 of the Dungeon.
             The game lasted 00:09:40 (2918 turns).

Gorice the Skirmisher (Demonspawn Wanderer)         Turns: 2918, Time: 00:09:41

Health: -1/41      AC: 12    Str: 14    XL:     5   Next: 55%
Magic:  8/8        EV:  6    Int:  9    God:
Gold:   120        SH:  0    Dex: 16    Spells: 8/8 levels left

rFire    . . .     SeeInvis .   b - +1 shortbow
rCold    . . .     Gourm    .   (shield currently unavailable)
rNeg     . . .     Faith    .   j - +0 chain mail
rPois    .         Spirit   .   (no helmet)
rElec    .         Reflect  .   q - +0 cloak
rCorr    .         Harm     .   (no gloves)
MR       .....                  (no boots)
Stlth    ..........             (no amulet)
HPRegen  0.13/turn              (no ring)
MPRegen  0.11/turn              (no ring)

@: lethally poisoned (-1 -> -29), slowed, very slow
A: claws 1, molten scales 1
a: no special abilities


You were on level 3 of the Dungeon.
You were hungry.

You visited 1 branch of the dungeon, and saw 3 of its levels.

You collected 120 gold pieces.

Inventory:

Hand Weapons
 b - a +1 shortbow (weapon)
 B - a +0 blowgun
Missiles
 d - 6 arrows (quivered)
 e - 3 javelins
 g - 5 poisoned javelins
 n - 14 poisoned needles
 Y - 85 stones
Armour
 j - a +0 chain mail (worn)
 q - a +0 cloak (worn)
Scrolls
 c - a scroll of teleportation {!r}
 h - a scroll of immolation {unknown}
Potions
 o - a potion of flight {unknown}
 r - a potion of might {unknown}
Books
 a - a book of Minor Magic
Comestibles
 f - 3 bread rations {!e}
 l - a royal jelly
 m - 3 fruits
 p - 2 meat rations {!e}


   Skills:
 - Level 3.3 Fighting
 - Level 1.7 Bows
 + Level 2.7 Armour
 - Level 1.0 Stealth
 * Level 3.2 Unarmed Combat
 - Level 2.0 Spellcasting
   Level 1.0 Charms
   Level 1.0 Evocations


You had 8 spell levels left.
You didn't know any spells.

Dungeon Overview and Level Annotations

Branches:
Dungeon (3/15)

Altars:
Hepliaklqana
Okawaru
Trog
Wu Jian
The Shining One

Annotations:
D:3 Gorice's ghost, weakling DsWn


Innate Abilities, Weirdness & Mutations

You have sharp fingernails.
You are partially covered in molten scales. (AC +2)


Message History

* * * LOW HITPOINT WARNING * * *
You feel very sick.
The orc wizard hits you but does no damage.
You are more poisoned.
Damage: 2 (max 8) Firing (i - inventory. (,) - cycle):
d - 10 arrows (quivered)
Press: ? - help, Shift-Dir - straight line, f/p - orc wizard
Aim: an orc wizard, wielding a dagger of venom and wearing a robe (severely wounded, fast)
You shoot an arrow. The arrow hits the orc wizard.
The orc wizard is almost dead.
* * * LOW HITPOINT WARNING * * *
You feel very sick. The orc wizard casts a spell at you.
You feel as though you will be slow longer.
The orc wizard hits you but does no damage.
You are more poisoned.
Damage: 3 (max 8) Firing (i - inventory. (,) - cycle):
d - 9 arrows (quivered)
Press: ? - help, Shift-Dir - straight line, f/p - orc wizard
Aim: an orc wizard, wielding a dagger of venom and wearing a robe (almost dead, fast)
You shoot an arrow. The arrow misses the orc wizard.
* * * LOW HITPOINT WARNING * * *
You feel very sick.
The orc wizard gestures wildly while chanting.
The orc wizard blinks!
The orc wizard mumbles some strange words.
The orc wizard blinks!
Damage: 5 (max 8) Firing (i - inventory. (,) - cycle):
d - 8 arrows (quivered)
Press: ? - help, Shift-Dir - straight line, f/p - orc wizard
Aim: an orc wizard, wielding a dagger of venom and wearing a robe (almost dead, fast)
You shoot an arrow.
The arrow hits the orc wizard but does no damage.
The orc wizard is almost dead.
* * * LOW HITPOINT WARNING * * *
You feel very sick. The orc wizard completely misses you.
The orc wizard barely misses you.
The orc wizard hits you but does no damage.
You are more poisoned.
Damage: 3 (max 8) Firing (i - inventory. (,) - cycle):
d - 7 arrows (quivered)
Press: ? - help, Shift-Dir - straight line, f/p - orc wizard
Aim: an orc wizard, wielding a dagger of venom and wearing a robe (severely wounded, fast)
You shoot an arrow. The arrow misses the orc wizard.
* * * LOW HITPOINT WARNING * * *
You feel very sick. The orc wizard barely misses you. x2
The orc wizard points at you and mumbles some strange words.
The magic dart hits you!
You die...

.##.........# #..# .##..o......#
#..# .###.......######..#####
........#..............##
...###....#######...(...### .#.#
###..#######..(......#######
.#.#####.............(..#........
.[...............(.(...##########
.#.............o@...#.######
...#...##########..........#
##.##.## ###.#.####.# #.##.#
#.#.## #.# #.##.# #.#..# #.#
#.##.## #.#..# #.# ##.#...#####
#.#..###.#
...........########.#...##.###
###....###...W......#.#.##...#


You could see an orc wizard.

Vanquished Creatures
  An orc priest (D:3)
  An orc wizard (D:2)
  Crazy Yiuf (D:2)
  5 adders
  An ooze (D:1)
  2 worms
  A dart slug (D:2)
  3 leopard geckos
  2 orcs
  3 giant cockroaches
  7 goblins
  5 hobgoblins
  5 jackals (D:2)
  2 ball pythons
  7 bats
  6 frilled lizards
  12 kobolds
  8 rats
72 creatures vanquished.

Notes
Turn   | Place    | Note
-------+----------+-------------------------------------------
     0 | D:1      | Gorice the Demonspawn Wanderer began the quest for the Orb.
     0 | D:1      | Gorice set off with: a book of Minor Magic, a scroll of teleportation {!r}, a +0 shortbow, 26 arrows, a +0 robe, a bread ration {!e}
     0 | D:1      | Reached XP level 1. HP: 16/16 MP: 3/3
   181 | D:1      | Gained mutation: You are partially covered in molten scales. (AC +2) [demonic ancestry]
   181 | D:1      | Reached XP level 2. HP: 23/23 MP: 5/5
   318 | D:1      | Reached skill level 3 in Fighting
   799 | D:1      | Gained mutation: You have sharp fingernails. [demonic ancestry]
   799 | D:1      | Reached XP level 3. HP: 27/29 MP: 6/6
   841 | D:2      | Found a bloodstained altar of Trog.
   944 | D:2      | Reached skill level 1 in Unarmed Combat
  1086 | D:2      | Found an ornate altar of the Wu Jian Council.
  1270 | D:2      | Reached XP level 4. HP: 35/35 MP: 7/7
  1282 | D:2      | Found a glowing golden altar of the Shining One.
  1285 | D:2      | Found a hazy altar of Hepliaklqana.
  1413 | D:2      | Found a runed door.
  1418 | D:2      | Noticed Crazy Yiuf
  1425 | D:2      | Killed Crazy Yiuf
  1425 | D:2      | Reached skill level 2 in Armour
  1425 | D:2      | Reached skill level 2 in Unarmed Combat
  1706 | D:3      | Found an iron altar of Okawaru.
  2108 | D:3      | Noticed Gorice's ghost (weakling DsWn)
  2201 | D:3      | Reached XP level 5. HP: 37/41 MP: 8/8
  2588 | D:3      | HP: 3/41 [orc priest/divine providence (14)]
  2592 | D:3      | Reached skill level 3 in Unarmed Combat
  2622 | D:2      | HP: 9/41 [orc/short sword (3)]
  2911 | D:3      | HP: 10/41 [poisoned by an orc wizard]
  2916 | D:3      | HP: 10/41 [poisoned by an orc wizard]
  2918 | D:3      | HP: 3/41 [poisoned by an orc wizard]
  2918 | D:3      | Killed from afar by an orc wizard

Vault maps used:
D:1:      dpeg_arrival_prison
D:2:      chequers_temple_overflow_statue_of_worship, old_standard_altar,
          first_bread, trog_book, uniq_crazy_yiuf_cottage
D:3:      lemuel_round_altar, glass_columns_c, supply_closet_lemuel

Skill      XL: |  1  2  3  4  5 |
---------------+----------------+-----
Fighting       | 3 |  3.3
Unarmed Combat | 1 2 3 |  3.2
Armour         | 2 |  2.7
Bows           | |  1.7
Stealth        | |  1.0
Spellcasting   | |  2.0
Charms         | |  1.0
Evocations     | |  1.0

Action                   |  1- 3 |  4- 6 || total
-------------------------+-------+-------++-------
Melee: Unarmed           |    63 |   164 ||   227
       Punch             |       |     1 ||     1
 Fire: Shortbow          |    94 |    13 ||   107
  Use: Scroll            |     1 |     4 ||     5
       Potion            |       |     2 ||     2
  Eat: Chunk             |     1 |     3 ||     4
       Royal jelly       |       |     1 ||     1
Armor: Chain mail        |    66 |   130 ||   196
Dodge: Dodged            |    39 |    71 ||   110

Table legend:
 A = Spawn XP
 B = Non-spawn XP
 C = Spawn XP percentage of total XP
 D = Spawn monster count
 E = Non-spawn monster count
 F = Spawn count percentage of total count
 G = Total turns spent on level
                    A         B        C        D         E        F      G
               +---------+---------+-------+---------+---------+-------+---------
         Total |       0 |     299 |   0.0 |       0 |      72 |   0.0 |  2918
               +---------+---------+-------+---------+---------+-------+---------
           D:1 |       0 |      41 |   0.0 |       0 |      21 |   0.0 |   820
           D:2 |       0 |     143 |   0.0 |       0 |      27 |   0.0 |  1143
           D:3 |       0 |     115 |   0.0 |       0 |      24 |   0.0 |   955
               +---------+---------+-------+---------+---------+-------+---------

Table legend:
 A = Turns spent in this place as a percentage of turns spent in the entire game.
 B = Non-inter-level travel turns spent in this place as a percentage of non-inter-level travel turns spent in the entire game.
 C = Inter-level travel turns spent in this place as a percentage of turns spent in this place.
 D = Turns resting spent in this place as a percentage of non-inter-level travel turns spent in this place.
 E = Turns spent auto-exploring this place as a percentage of non-inter-level travel turns spent in this place.
 F = Non-inter-level travel turns spent in this place divided by the number of levels of this place that you've seen.
                   A       B       C       D       E      F
               +-------+-------+-------+-------+-------+----------------------
         Total | 100.0 | 100.0 |   2.3 |  22.5 |  38.4 | 950.7
       Dungeon | 100.0 | 100.0 |   2.3 |  22.5 |  38.4 | 950.7
               +-------+-------+-------+-------+-------+----------------------

Vault maps used:
D:1:      dpeg_arrival_prison
D:2:      chequers_temple_overflow_statue_of_worship, old_standard_altar,
          first_bread, trog_book, uniq_crazy_yiuf_cottage
D:3:      lemuel_round_altar, glass_columns_c, supply_closet_lemuel
